 Dungeon Crawl Stone Soup version 0.26.1-11-gd32895ea62 (webtiles) character file.

Game seed: 6462447671659014976

4632 Almogavar the Cleaver (level 10, -4/88 HPs)
             Began as a Hill Orc Fighter on July 9, 2021.
             Was a Follower of Makhleb.
             Slain by a wyvern (5 damage)
             ... while petrified by a basilisk
             ... on level 8 of the Dungeon.
             The game lasted 00:21:14 (9314 turns).

Almogavar the Cleaver (Hill Orc Fighter)            Turns: 9314, Time: 00:21:15

Health: -4/88      AC: 14    Str: 23    XL:     10   Next: 43%
Magic:  10/10      EV:  2    Int:  8    God:    Makhleb [*.....]
Gold:   423        SH:  0    Dex: 10    Spells: 9/9 levels left

rFire    . . .     SeeInvis +   k - +0 hand axe (vorpal)
rCold    . . .     Faith    .   c - +0 kite shield
rNeg     + + +     Spirit   .   u - +0 chain mail
rPois    ∞         Reflect  .   (no helmet)
rElec    .         Harm     .   H - scarf {shadows}
rCorr    .         Rampage  .   (no gloves)
Will     .....                  v - +2 pair of boots
Stlth    ..........             K - amulet of regeneration
HPRegen  0.64/turn              L - ring of see invisible
MPRegen  0.12/turn              i - ring of poison resistance

@: petrified
A: no striking features
a: Renounce Religion


You were on level 8 of the Dungeon.
You worshipped Makhleb.
Makhleb was aware of your devotion.
You visited 1 branch of the dungeon, and saw 8 of its levels.
You also visited: Sewer.

You collected 423 gold pieces.

Inventory:

Hand Weapons
 a - a +1 war axe
 k - a +0 vorpal hand axe (weapon)
 o - a +2 great sword of flaming
 E - the +5 scythe "Finisher" {speed, eviscerate}
   (You found it on level 5 of the Dungeon)

   Attacks with this weapon are significantly faster.
Missiles
 e - 359 stones
 f - 92 sling bullets
 g - 3 boomerangs
 t - 14 atropa-tipped darts
 x - 2 javelins
 y - 31 poisoned darts (quivered)
 I - 3 boomerangs of dispersal
 J - 3 silver boomerangs
Armour
 c - a +0 kite shield (worn)
 u - a +0 chain mail (worn)
 v - a +2 pair of boots (worn)
 H - a scarf of shadows (worn)
 N - +0 steam dragon scales
Jewellery
 i - a ring of poison resistance (right hand)
 s - an uncursed ring of stealth
 K - an amulet of regeneration (around neck)
 L - a ring of see invisible (left hand)
Wands
 w - a wand of iceblast (13)
 z - a wand of flame (9)
Scrolls
 d - 3 scrolls of fear
 h - 3 scrolls of teleportation
 j - 2 scrolls of blinking
 p - a scroll of fog
 q - 4 scrolls of magic mapping {unknown}
 r - 4 scrolls of remove curse
 A - 2 scrolls of enchant weapon
 D - 2 scrolls of enchant armour {unknown}
 O - a scroll of identify
Potions
 b - a potion of cancellation
 l - 2 potions of berserk rage {unknown}
 m - 3 potions of resistance
 n - 7 potions of heal wounds {unknown}
 B - 6 potions of brilliance {unknown}
 C - 3 potions of flight {unknown}
 F - a potion of attraction {unknown}
 G - 2 potions of mutation {unknown}
 M - a potion of curing


   Skills:
 + Level 7.8 Fighting
 + Level 11.8 Axes
 + Level 2.2 Throwing
 + Level 8.8 Armour
 - Level 0.2 Dodging
 + Level 8.2 Shields


You had 9 spell levels left.
You didn't know any spells.
Your spell library contained the following spells:

 Spells                   Type           Power        Failure   Level
 Corona                   Hex            0%           99%         1
 Magic Dart               Conj           0%           99%         1
 Searing Ray              Conj           0%           100%        2
 Slow                     Hex            0%           100%        2
 Dazzling Flash           Conj/Hex       0%           100%        3
 Inner Flame              Hex/Fire       0%           100%        3
 Portal Projectile        Hex/Tloc       0%           100%        3
 Cause Fear               Hex            0%           100%        4
 Fulminant Prism          Conj/Hex       0%           100%        4
 Iskenderun's Mystic Bla  Conj/Tloc      0%           100%        4
 Leda's Liquefaction      Hex/Erth       0%           100%        4


Dungeon Overview and Level Annotations

Branches:
Dungeon (8/15)             Temple (0/1) D:7           Sewer (visited)
   Lair: D:8-11

Altars:
Ashenzari
Cheibriados
Fedhas
Gozag
Makhleb
Vehumet
Yredelemnul
The Shining One


Message History

* * * LOW HITPOINT WARNING * * *
The basilisk bites you!
* * * LOW HITPOINT WARNING * * *
The black bear bites you.
* * * LOW HITPOINT WARNING * * *
The black bear claws you but does no damage. x2
The basilisk bites you.
* * * LOW HITPOINT WARNING * * *
The wolf bites you but does no damage.
The wyvern bites you but does no damage.
The black bear bites you.
* * * LOW HITPOINT WARNING * * *
The black bear completely misses you.
The black bear claws you but does no damage.
The wolf bites you but does no damage.
The basilisk hisses menacingly.
The basilisk bites you!
* * * LOW HITPOINT WARNING * * *
The wyvern bites you!
You die...

##.....###..###.###.#
##.......##..........#
##.........#......#####
.'.........'........)..
##.........#..#...#####
##...?...##..##..#
##.....## ....#
##..h### #.#####
#.@h..# # #..lll♣...#
#...........
#P...........
#.........l..
.............
.P.....♣.....


You could see 2 basilisks, a black bear (berserk), 2 wyverns and a wolf.

Vanquished Creatures
  A two-headed ogre (D:8)
  The ghost of ymhsbmbesitwf the Ducker, a novice GnWn of Elyvilon (D:5)
  Joseph (D:8)
  Maggie (D:8)
  Eustachio (D:6)
  The ghost of kthxbai the Gusty, an amateur TeAE (D:4)
  An ice beast (D:6)
  A sky beast (D:6)
  2 black bears (D:8)
  5 ogres
  A necrophage (D:8)
  A centaur (D:6)
  3 phantoms
  3 big kobolds (Sewer)
  4 bullfrogs
  A scorpion (D:5)
  3 wights (D:4)
  2 hounds (D:7)
  2 jellies
  2 orc wizards (D:5)
  An orc priest (D:7)
  An iguana (D:4)
  Terence (D:3)
  7 worker ants
  2 hound zombies
  A hound skeleton (D:6)
  A worker ant zombie (D:5)
  3 gnolls (D:4)
  7 adders
  2 river rats (D:4)
  A shadow imp (D:8)
  A white imp (D:7)
  2 ufetubi
  2 oozes
  An adder zombie (D:6)
  A worm (D:6)
  3 dart slugs (D:2)
  6 leopard geckos
  25 orcs
  9 ball pythons
  3 giant cockroaches
  6 goblins
  10 hobgoblins
  7 jackals
  20 kobolds
  5 quokkas
  5 bats
  8 frilled lizards
  A leopard gecko skeleton (D:4)
  15 rats
194 creatures vanquished.

Vanquished Creatures (others)
  6 fungi (D:8)
  22 plants
28 creatures vanquished.

Grand Total: 222 creatures vanquished

Notes
Turn   | Place    | Note
-------+----------+-------------------------------------------
     0 | D:1      | Almogavar the Hill Orc Fighter began the quest for the Orb.
     0 | D:1      | Reached XP level 1. HP: 19/19 MP: 1/1
   247 | D:1      | Reached XP level 2. HP: 26/26 MP: 2/2
   575 | D:1      | Reached XP level 3. HP: 33/33 MP: 3/3
   634 | D:1      | Reached skill level 3 in Axes
   983 | D:2      | Reached XP level 4. HP: 31/40 MP: 4/4
  1407 | D:2      | Reached skill level 4 in Axes
  1473 | D:2      | Found a broken altar of Ashenzari.
  1473 | D:2      | Found a basalt altar of Yredelemnul.
  1978 | D:3      | Found a faded altar of an unknown god.
  2084 | D:3      | Noticed Terence
  2091 | D:3      | Killed Terence
  2092 | D:3      | Reached XP level 5. HP: 46/46 MP: 5/5
  2470 | D:4      | Reached skill level 5 in Axes
  2478 | D:4      | Reached XP level 6. HP: 10/52 MP: 6/6
  2515 | D:4      | Reached skill level 6 in Axes
  2516 | D:4      | HP: 1/52 [gnoll/+0 halberd (13)]
  2547 | D:4      | HP: 2/53 [worker ant (3)]
  2630 | D:4      | Noticed kthxbai's ghost (amateur TeAE)
  2633 | D:4      | Found a runed translucent gate.
  2633 | D:4      | Found a runed translucent gate.
  2633 | D:4      | Found a runed translucent gate.
  3046 | D:4      | Found a glowing drain.
  3052 | Sewer    | Entered a sewer
  3118 | Sewer    | Reached skill level 5 in Armour
  3118 | Sewer    | Reached XP level 7. HP: 46/60 MP: 7/7
  3308 | Sewer    | Reached skill level 7 in Axes
  3967 | D:4      | Killed kthxbai's ghost
  3968 | D:4      | Reached skill level 5 in Shields
  4139 | D:5      | Entered Level 5 of the Dungeon
  4222 | D:5      | Reached skill level 8 in Axes
  4278 | D:5      | Reached skill level 5 in Fighting
  4280 | D:5      | Reached XP level 8. HP: 30/68 MP: 8/8
  4506 | D:5      | Found a snail-covered altar of Cheibriados.
  4896 | D:5      | Found an opulent altar of Gozag.
  4988 | D:5      | Found a blossoming altar of Fedhas.
  5098 | D:5      | Found a snail-covered altar of Cheibriados.
  5231 | D:5      | Found a runed translucent door.
  5235 | D:5      | Found the +5 scythe "Finisher" {speed, eviscerate}
  5235 | D:5      | Noticed ymhsbmbesitwf's ghost (novice GnWn)
  5450 | D:5      | Reached skill level 9 in Axes
  5511 | D:5      | Killed ymhsbmbesitwf's ghost
  5512 | D:5      | Reached XP level 9. HP: 10/75 MP: 9/9
  6024 | D:6      | Noticed Eustachio
  6079 | D:6      | Killed Eustachio
  6290 | D:6      | Reached skill level 10 in Axes
  6605 | D:6      | Found a radiant altar of Vehumet.
  6647 | D:6      | Found a burning altar of Makhleb.
  6657 | D:6      | Became a worshipper of Makhleb the Destroyer
  6731 | D:6      | Reached skill level 1 in Throwing
  7850 | D:7      | Found a staircase to the Ecumenical Temple.
  8289 | D:7      | Reached * piety under Makhleb
  8761 | D:8      | Noticed a two-headed ogre
  8783 | D:8      | Noticed a two-headed ogre
  8798 | D:8      | Killed a two-headed ogre
  8799 | D:8      | Reached skill level 11 in Axes
  8799 | D:8      | Reached XP level 10. HP: 15/86 MP: 10/10
  9101 | D:8      | Noticed Joseph
  9125 | D:8      | Killed Joseph
  9190 | D:8      | Noticed Maggie
  9212 | D:8      | Killed Maggie
  9254 | D:8      | Found a glowing golden altar of the Shining One.
  9314 | D:8      | HP: 1/88 [basilisk (7)]
  9314 | D:8      | Slain by a wyvern

Illustrated notes

Levels and vault maps discovered:
D:1:      co_arrival_random_square_maze, layout_rooms
D:2:      layout_rooms, gammafunk_temple_overflow_pools
D:3:      lemuel_upstairs_altar, layout_loops_ring,
          chequers_ecumenical_altar_simple, uniq_terence
D:4:      layout_cave_pools, gammafunk_ghost_split, portal_sewer_entry_e,
          chequers_serial_rivers_micro_c
D:5:      layout_basic, kennysheep_mini_moat, old_standard_altar,
          grunt_gozag_breadcrumbs, basic_altar, ebering_ghost_inner_flame,
          kennysheep_generic_room_3
D:6:      minmay_razor_zed, layout_basic, vehumet_altar_wand_db, bloody_makhleb,
          uniq_eustachio
D:7:      layout_layer_cave, minmay_temple_entry_tees
D:8:      wander_river, layout_loops_corners, minmay_lair_entry_grove,
          basic_altar, uniq_joseph, uniq_erica, uniq_maggie

Skill      XL: |  1  2  3  4  5  6  7  8  9 10 |
---------------+-------------------------------+-----
Armour         | 4 5 7 8 |  8.8
Axes           | 3 4 5 6 8 9 11 | 11.8
Fighting       | 4 5 6 7 |  7.8
Shields        | 4 5 6 7 8 |  8.2
Throwing       | 1 2 |  2.2
Dodging        | |  0.2

Action                   |  1- 3 |  4- 6 |  7- 9 | 10-12 || total
-------------------------+-------+-------+-------+-------++-------
Melee: War axe           |    87 |   155 |    65 |       ||   307
       Hand axe          |       |       |   384 |    89 ||   473
Throw: Javelin           |       |     2 |     2 |       ||     4
       Stone             |       |     1 |     1 |       ||     2
       Dart              |       |       |    20 |     8 ||    28
  Use: Scroll            |     1 |     5 |     4 |       ||    10
       Potion            |       |     3 |     3 |       ||     6
Armor: Scale mail        |    66 |    23 |       |       ||    89
       Chain mail        |       |    73 |   212 |    69 ||   354
Dodge: Dodged            |    38 |    42 |    98 |    29 ||   207
Block: Kite shield       |    53 |    87 |   213 |    41 ||   394
